AoeStats
← Generation Kill

Black Forest

509636957Analyzed
4v4 RM · 6d ago on Sep 27, 2026· 86m 37s· 8 players
Game mode
Random Map
Map size
Large (8 player)
Population
200
Speed
Normal
Resources
Standard
Victory
Conquest
Starting age
Dark Age
Ending age
Imperial Age
RankedLock teamsTeams togetherTeam positionsShared explorationLock speedFull tech treeHidden civsTurbo modeCheats
Victory
Defeat
🇹🇼 Goths · Taiwan
1250
+14
🇹🇼 Danes · Taiwan
1233
+15
🇨🇳 Teutons · China
1224
+15
🇨🇳 Portuguese · China
1210
+16
🇹🇷 Persians · Türkiye
1259
-17
🇳🇱 Malians · Netherlands
1204
-15
🇩🇪 Turks · Germany
1185
-14
🇸🇪 Varangians · Sweden
1184
-14
兄弟精神
1:22 Loom
11:57 Feudal Age
16:17 Castle Age
16:01 Double-Bit Axe
27:53 Wheelbarrow
28:29 Horse Collar
28:35 Horse Collar
42:34 Imperial Age
41:27 Gold Mining
42:40 Onager
43:32 Siege Engineers
44:01 Siege Onager
49:13 Pikeman
50:05 Scale Mail Armor
50:12 Halberdier
50:53 Squires
51:09 Chain Mail Armor
61:03 Caravan
64:59 Scale Barding Armor
65:55 Light Cavalry
66:37 Husbandry
68:37 Chain Barding Armor
69:01 Forging
BC
1:15 Loom
10:46 Feudal Age
16:03 Castle Age
14:40 Double-Bit Axe
18:11 Wheelbarrow
28:35 Gold Mining
32:11 Imperial Age
30:16 Anarchy
30:35 Horse Collar
31:07 Bow Saw
32:39 Hand Cart
32:54 Forging
32:45 Scale Mail Armor
33:10 Perfusion
34:35 Chain Mail Armor
35:31 Iron Casting
35:06 Squires
35:10 Pikeman
35:53 Man-at-Arms
37:34 Blast Furnace
36:18 Long Swordsman
36:51 Two-Handed Swordsman
37:24 Champion
40:45 Heavy Plow
41:28 Town Watch
42:55 Elite Huskarl
45:28 Conscription
47:55 Crop Rotation
48:28 Halberdier
48:34 Halberdier
relax
0:27 Loom
14:09 Feudal Age
18:43 Castle Age
17:15 Double-Bit Axe
24:23 Bloodlines
26:14 Scale Barding Armor
27:48 Wheelbarrow
28:13 Gold Mining
29:28 Forging
31:27 Chain Barding Armor
36:52 Imperial Age
34:39 Stone Mining
35:56 Stone Shaft Mining
36:21 Horse Collar
36:56 Bow Saw
38:48 Two-Man Saw
37:51 Heavy Plow
39:12 Chemistry
39:10 Padded Archer Armor
41:30 Hand Cart
41:41 Leather Archer Armor
43:42 Ring Archer Armor
44:40 Bombard Tower
44:44 Fletching
45:56 Conscription
45:03 Elite Skirmisher
45:09 Elite Skirmisher
45:47 Bodkin Arrow
45:39 Treadmill Crane
47:04 Bracer
48:08 Arquebus
50:21 Siege Engineers
53:35 Thumb Ring
56:24 Crop Rotation
57:02 Elite Organ Gun
59:53 Town Watch
60:32 Ballistics
60:26 Masonry
63:31 Circumnavigation
69:02 Sappers
73:33 Architecture
72:58 Murder Holes
80:14 Fortified Wall
32451522431
5:39 Loom
12:08 Feudal Age
15:53 Castle Age
13:54 Double-Bit Axe
14:00 Horse Collar
16:53 Bow Saw
19:11 Heavy Plow
23:10 Wheelbarrow
22:30 Gold Mining
22:30 Stone Mining
24:06 Stone Shaft Mining
25:04 Hand Cart
25:08 Fishing Lines
25:34 Town Watch
27:20 Forging
27:10 Scale Mail Armor
27:01 Fletching
27:29 Gillnets
30:13 Imperial Age
28:16 Ballistics
29:00 Iron Casting
28:40 Chain Mail Armor
29:20 Chain Mail Armor
29:37 Bodkin Arrow
29:59 Squires
29:44 Arson
30:50 Masonry
32:04 Blast Furnace
31:34 Plate Mail Armor
32:04 Blast Furnace
31:34 Plate Mail Armor
32:10 Chemistry
32:41 Two-Man Saw
32:20 Crop Rotation
32:30 Conscription
32:40 Crenellations
32:29 Elite Teutonic Knight
35:31 Hoardings
44:21 Guilds
44:14 Town Patrol
45:17 Padded Archer Armor
45:29 Siege Engineers
45:42 Onager
49:40 Siege Onager
52:37 Ironclad
56:00 Caravan
67:36 Scale Barding Armor
67:25 Cavalier
68:20 Bloodlines
69:52 Chain Barding Armor
69:38 Paladin
71:11 Plate Barding Armor
Generation Kill
9:31 Loom
12:53 Feudal Age
13:27 Double-Bit Axe
15:52 Fishing Lines
19:22 Castle Age
18:55 Gold Mining
19:59 Gillnets
20:26 Bow Saw
20:34 Stone Mining
25:28 Wheelbarrow
29:03 Imperial Age
27:22 Hand Cart
26:52 Town Watch
28:18 Scale Mail Armor
28:28 Forging
29:30 Stone Shaft Mining
29:28 Squires
29:52 Chain Mail Armor
29:28 Treadmill Crane
29:16 Elite Varangian Guard
30:36 Iron Casting
29:32 Capped Ram
33:12 Plate Mail Armor
34:16 Blast Furnace
33:41 Siege Ram
34:26 Arson
36:11 Fletching
37:00 Conscription
38:45 Two-Man Saw
37:26 Elite Jarl
37:50 Gothikon
41:53 Vendel Legacy
43:38 Scale Barding Armor
44:15 Bloodlines
44:21 Husbandry
45:26 Chain Barding Armor
45:10 Cavalier
47:56 Plate Barding Armor
50:06 Bodkin Arrow
50:34 Ballistics
51:15 Chemistry
50:23 Siege Engineers
56:26 Caravan
59:14 Bracer
59:27 Masonry
59:13 Murder Holes
61:22 Architecture
62:31 Light Cavalry
68:28 Hussar
ugurito
2:11 Loom
12:57 Feudal Age
13:42 Town Watch
15:05 Double-Bit Axe
20:01 Castle Age
18:37 Horse Collar
18:41 Fishing Lines
19:33 Gold Mining
22:13 Fletching
35:57 Medium Warships
39:24 Heavy Plow
42:40 Imperial Age
40:52 Gold Shaft Mining
41:55 Bow Saw
43:47 Bombard Tower
44:14 Wheelbarrow
45:50 Two-Man Saw
44:55 Caravan
47:04 Wheelbarrow
47:04 Guilds
47:44 Bodkin Arrow
53:30 Hand Cart
58:29 Scale Barding Armor
58:35 Forging
60:09 Bloodlines
60:00 Husbandry
65:22 Chain Barding Armor
65:38 Iron Casting
65:46 Coinage
69:39 Arrowslits
72:38 Plate Barding Armor
76:51 Blast Furnace
75:52 Bracer
76:15 Ballistics
76:06 Masonry
75:43 Demolition Ship
83:24 Man-at-Arms
84:05 Squires
84:43 Long Swordsman
Brandon
0:41 Loom
12:21 Feudal Age
15:50 Castle Age
14:33 Stone Mining
15:40 Double-Bit Axe
20:39 Arson
21:38 Scale Mail Armor
24:20 Forging
25:02 Squires
28:36 Wheelbarrow
27:46 Town Watch
29:39 Bow Saw
35:25 Chain Mail Armor
35:45 Iron Casting
38:53 Gold Mining
39:39 Stone Shaft Mining
38:50 Horse Collar
44:10 Imperial Age
43:12 Gold Shaft Mining
43:55 Heavy Plow
43:46 Pikeman
43:46 Man-at-Arms
44:30 Elite Gbeto
45:30 Conscription
46:46 Chemistry
48:04 Plate Mail Armor
49:06 Long Swordsman
49:45 Two-Handed Swordsman
51:36 Champion
61:20 Capped Ram
65:16 Fletching
65:49 Ballistics
65:41 Masonry
65:11 Treadmill Crane
65:45 Masonry
65:33 Murder Holes
75:36 Crop Rotation
sweetyboy
13:24 Feudal Age
14:10 Double-Bit Axe
15:54 Fishing Lines
22:09 Castle Age
26:49 Bow Saw
26:33 Gillnets
26:10 Pikeman
27:18 Bloodlines
27:33 Pikeman
30:33 Forging
30:24 Scale Mail Armor
31:07 Horse Collar
35:36 Imperial Age
33:42 Wheelbarrow
34:23 Fletching
34:33 Padded Archer Armor
35:14 Kamandaran
35:12 Bodkin Arrow
35:12 Heated Shot
35:43 Ballistics
34:45 Crossbowman
35:31 Thumb Ring
35:50 Ballistics
36:52 Chemistry
35:28 Halberdier
37:29 Two-Man Saw
37:16 Iron Casting
36:57 Leather Archer Armor
38:08 Heavy Plow
40:48 Ring Archer Armor
41:19 Blast Furnace
40:34 Chain Mail Armor
41:06 Husbandry
40:27 Light Cavalry
42:25 Scale Barding Armor
42:57 Hand Cart
42:29 Loom
42:41 Hussar
43:47 Chain Barding Armor
43:58 Plate Mail Armor
43:11 Elite Skirmisher
44:17 Conscription
44:09 Citadels
48:52 Coinage
48:59 Plate Barding Armor
55:49 Crop Rotation
64:44 Masonry
Connection lost

Rejoining the realm…

Still unreachable

The connection could not be restored.

Session expired

The server has moved on; the page needs a fresh start.